Match 41063500
Unlisted

Match 41063500
End
Construct Barracks
Selects Heavy Weapons
Riflemen Squad
Riflemen Squad
Riflemen Squad
Grenade Package
Mechanized Support Center
Construct Medical Station
Selects Assault Carriers
Selects Halftrack Strongpoints
Construct Motor Pool
M8 Greyhound Armored Car
Designate Forward Repair Station
Riflemen Squad
Construct Weapon Support Center
M1918 Browning Automatic Rifles
Salvage Crew
M1 Anti-tank Gun Team
CAuMOH
Asuka top soska>З
~长枪他妈被我当狗日~
holybutters
0
0

Comments sign in to comment!

No comments posted yet!